 Dungeon Crawl Stone Soup version 0.28-a0-1184-g53156a8862 (webtiles) character file.

Game seed: 276797927068664388

28 flotson the Ducker (level 2, -5/23 HPs)
             Began as a Demonspawn Gladiator on Dec 17, 2021.
             Slain by Terence (7 damage)
             ... on level 1 of the Dungeon.
             The game lasted 00:01:14 (1504 turns).

flotson the Ducker (Demonspawn Gladiator)           Turns: 1504, Time: 00:01:14

Health: -5/23      AC:  8    Str: 14    XL:     2   Next: 96%
Magic:  2/2        EV: 11    Int:  9    God:
Gold:   30         SH:  0    Dex: 14    Spells: 1/1 levels left

rFire   . . .      SeeInvis .   a - +0 war axe
rCold   + . .      Faith    .   (no shield)
rNeg    . . .      Spirit   .   g - +2 ring mail {rC+}
rPois   .          Reflect  .   c - +0 helmet
rElec   .          Harm     .   (no cloak)
rCorr   .          Rampage  .   (no gloves)
Will    .....                   (no boots)
Stlth   +.........              (no amulet)
HPRegen 0.07/turn               (no ring)
MPRegen 0.08/turn               (no ring)

@: no status effects
A: hooves 1
a: no special abilities


You were on level 1 of the Dungeon.
You visited 1 branch of the dungeon, and saw 2 of its levels.

You collected 30 gold pieces.

Inventory:

Hand Weapons
 a - a +0 war axe (weapon)
Missiles
 d - 3 throwing nets (quivered)
Armour
 c - a +0 helmet (worn)
 g - a +2 ring mail of cold resistance (worn)
Scrolls
 b - a scroll of vulnerability {unknown}
 e - 2 scrolls of holy word {unknown}
 h - a scroll of identify {unknown}
Potions
 f - a potion of haste {unknown}


   Skills:
 + Level 2.4 Fighting
 - Level 2.6 Axes
 + Level 2.2 Throwing
 + Level 1.0 Armour
 + Level 3.0 Dodging


You had one spell level left.
You didn't know any spells.
Your spell library was empty.

Dungeon Overview and Level Annotations

Branches:
Dungeon (2/15)

Altars:

Annotations:
D:1 Terence


Innate Abilities, Weirdness & Mutations

You have large cloven feet.


Message History

Terence is lightly wounded.
Terence closely misses you.
You hit Terence but do no damage.
Terence is lightly wounded.
Terence barely misses you.
You hit Terence but do no damage. You kick Terence, but do no damage.
Terence is lightly wounded.
Terence barely misses you. Terence hits you with a +0 mace.
You slash Terence! Your kick misses Terence.
Terence is heavily wounded.
Terence closely misses you.
You closely miss Terence. You kick Terence, but do no damage.
Terence is heavily wounded.
Terence hits you but does no damage.
You hit Terence. Your kick misses Terence.
Terence is severely wounded.
Terence hits you but does no damage. Terence hits you with a +0 mace.
You barely miss Terence. You kick Terence, but do no damage.
Terence is severely wounded.
Terence barely misses you.
You closely miss Terence.
Terence is severely wounded.
Terence hits you with a +0 mace. Terence hits you but does no damage.
You are too injured to fight recklessly!
You are too injured to fight recklessly!
You are too injured to fight recklessly!
You are too injured to fight recklessly!
You are too injured to fight recklessly!
You closely miss Terence. You kick Terence, but do no damage.
Terence is severely wounded.
Terence barely misses you.
You hit Terence. You kick Terence.
Terence is almost dead.
Terence hits you with a +0 mace.
You hit Terence.
Terence is almost dead.
Terence hits you with a +0 mace.
* * * LOW HITPOINT WARNING * * *
Terence hits you with a +0 mace!
You die...

###.####.# ....#....#
###.#.##.# #......#.#
#.#.#..#.# ..#.#..#.#
###.#..#.#
..#.#..#.#########
...............@@#
..#.#..#.#.#######
..#.#..#.#.# ..#.#..#.#.#
..#.#..#.#.# ..#....#.#.#
....#.##.#.# ..#.#.##.#.#
..#.#)##.#.################


You could see Terence.

Vanquished Creatures
  2 dart slugs (D:1)
  2 bats (D:1)
  An endoplasm (D:1)
  2 hobgoblins (D:1)
  4 jackals (D:1)
  2 kobolds (D:1)
  A quokka (D:1)
  A ball python (D:1)
  3 frilled lizards (D:1)
  2 goblins (D:1)
  3 rats
23 creatures vanquished.

Notes
Turn   | Place    | Note
-------+----------+-------------------------------------------
     0 | D:1      | flotson the Demonspawn Gladiator began the quest for the
                  | Orb.
     0 | D:1      | Reached XP level 1. HP: 16/16 MP: 1/1
   196 | D:1      | Gained mutation: You have large cloven feet. [demonic
                  | ancestry]
   196 | D:1      | Reached XP level 2. HP: 18/22 MP: 2/2
   799 | D:1      | Reached skill level 3 in Dodging
   934 | D:1      | Reached skill level 1 in Armour
  1463 | D:2      | Noticed Terence
  1504 | D:1      | Slain by Terence

Illustrated notes

Levels and vault maps discovered:
D:1:      saegor_arrival_simple_c, layout_basic
D:2:      layout_loops_cross, minivault_27, uniq_terence

Skill      XL: |  1  2 |
---------------+-------+-----
Throwing       | 2 |  2.2
Dodging        | 3 |  3.0
Armour         | 1 |  1.0
Fighting       | |  2.4
Axes           | |  2.6

Action                   || total
-------------------------++-------
Melee: War axe           ||    60
       Kick              ||    11
Armor: Leather armour    ||    18
       Ring mail         ||     8
       Skin              ||     2
Dodge: Dodged            ||    48

Table legend: (Time is in decaauts)
 A = Elapsed time spent in this place.
 B = Non-inter-level travel time spent in this place.
 C = Inter-level travel time spent in this place.
 D = Time resting spent in this place.
 E = Time spent auto-exploring this place.
 F = Levels seen in this place.
 G = Mean time per level.
                   A        B        C        D        E       F      G
               +--------+--------+--------+--------+--------+-----+--------+
         Total |   1526 |   1451 |     75 |      0 |   1249 |   2 |  763.0 |
       Dungeon |   1526 |   1451 |     75 |      0 |   1249 |   2 |  763.0 |
               +--------+--------+--------+--------+--------+-----+--------+

Top non-repeatable levels by time:
     D:1: 1420 daAuts
     D:2: 106 daAuts
